2911 views
Uploaded 2019-12-07 23:45:21
Game version 1.32.0.3 / 1.32.0.3.1
21:32 long 4on4 ladder game on (8)Feralas_LV
Saved by BEARAND
2911 views
Uploaded 2019-12-07 23:45:21
Game version 1.32.0.3 / 1.32.0.3.1
21:32 long 4on4 ladder game on (8)Feralas_LV


89 units @ 7.2k
/ 0.1k
205 buildings @ 21.4k
/ 11.7k



| Rod of Necromancy | 2 | 300 |
| Sacrificial Skull | 1 | 50 |
| Orb of Corruption | 1 | 375 |
| Lesser Clarity Potion | 1 | 70 |
| Scroll of Town Portal | 1 | 350 |
| Boots of Speed | 3 | 750 |
| Circlet of Nobility | 1 | 175 |
| Periapt of Vitality | 1 | 325 |
| Healing Salve | 1 | 100 |
| Orb of Lightning | 1 | 375 |
| Scroll of Speed | 2 | 100 |
| total: | 15 | 2970g |
| Acolyte | 8 | 600 | / | 0 |
| Ghoul | 4 | 480 | / | 0 |
| total: | 12 | 1080g | / | 0w |
| Nerubian Tower | 4 | 400 | / | 80 |
| Spirit Tower | 3 | 435 | / | 120 |
| Ziggurat | 11 | 1650 | / | 550 |
| Crypt | 1 | 200 | / | 50 |
| Altar of Darkness | 1 | 180 | / | 50 |
| Tomb of Relics | 1 | 130 | / | 30 |
| Graveyard | 1 | 215 | / | 0 |
| Necropolis | 2 | 450 | / | 0 |
| Halls of the Dead | 1 | 320 | / | 210 |
| Black Citadel | 1 | 325 | / | 230 |
| total: | 17 | 2825g | / | 680w |
| 0:02 | Acolyte |
| 0:02 | Acolyte |
| 0:11 | Ziggurat |
| 0:13 | Crypt |
| 0:35 | Altar of Darkness |
| 1:04 | Acolyte |
| 1:14 | Ghoul |
| 1:25 | Tomb of Relics |
| 1:30 | Ghoul |
| 1:40 | Ghoul |
| 1:54 | Ziggurat |
| 2:09 | Nerubian Tower |
| 2:14 | Acolyte |
| 2:35 | Death Coil |
| 2:40 | Halls of the Dead |
| 2:41 | Rod of Necromancy |
| 2:44 | Sacrificial Skull |
| 3:10 | Ziggurat |
| 3:28 | Graveyard |
| 4:27 | Necropolis |
| 4:30 | Nerubian Tower |
| 4:41 | Ziggurat |
| 4:48 | Ghoul |
| 6:10 | Unholy Aura |
| 6:20 | Ziggurat |
| 6:24 | Ziggurat |
| 6:45 | Frost Nova |
| 6:50 | Rod of Necromancy |
| 7:04 | Black Citadel |
| 7:06 | Acolyte |
| 7:29 | Boots of Speed |
| 7:36 | Nerubian Tower |
| 7:41 | Acolyte |
| 8:12 | Boots of Speed |
| 8:17 | Circlet of Nobility |
| 8:25 | Spirit Tower |
| 8:27 | Ziggurat |
| 8:29 | Acolyte |
| 8:47 | Ziggurat |
| 8:48 | Ziggurat |
| 8:54 | Ziggurat |
| 9:17 | Spirit Tower |
| 9:47 | Spirit Tower |
| 10:09 | Orb of Corruption |
| 10:29 | Ziggurat |
| 10:33 | Carrion Swarm |
| 11:05 | Acolyte |
| 11:37 | Necropolis |
| 12:29 | Healing Salve |
| 12:29 | Lesser Clarity Potion |
| 12:30 | Orb of Lightning |
| 12:35 | Scroll of Speed |
| 12:49 | Boots of Speed |
| 12:49 | Scroll of Town Portal |
| 12:50 | Periapt of Vitality |
| 13:48 | Scroll of Speed |
| 14:10 | Death Coil |
| 14:26 | Dark Ritual |
| 16:22 | Sleep |
| Right click | 984 |
| Select | 247 |
| Select group | 210 |
| Build/train/purchase | 90 |
| Chat | 59 |
| Use ability | 54 |
| Misc. action | 47 |
| Assign group | 30 |
| Resource trade | 17 |
| Item give/drop | 11 |
| Esc | 2 |
TIMG4STRok
(21:26) : 

| Healing Salve | 2 | 200 |
| Lesser Clarity Potion | 2 | 140 |
| Orb of Lightning | 1 | 375 |
| Potion of Healing | 2 | 300 |
| Potion of Mana | 1 | 200 |
| Staff of Teleportation | 2 | 300 |
| Boots of Speed | 2 | 500 |
| Periapt of Vitality | 1 | 325 |
| Circlet of Nobility | 1 | 175 |
| Scroll of Regeneration | 1 | 100 |
| total: | 15 | 2615g |
| Peon | 25 | 1875 | / | 0 |
| Troll Batrider | 3 | 480 | / | 120 |
| total: | 28 | 2355g | / | 120w |
| Watch Tower | 57 | 6270 | / | 4560 |
| Altar of Storms | 2 | 360 | / | 100 |
| Orc Burrow | 3 | 480 | / | 120 |
| War Mill | 1 | 205 | / | 0 |
| Voodoo Lounge | 3 | 390 | / | 90 |
| Great Hall | 1 | 385 | / | 185 |
| Beastiary | 1 | 145 | / | 140 |
| Stronghold | 1 | 315 | / | 190 |
| Fortress | 1 | 325 | / | 190 |
| total: | 68 | 8235g | / | 5195w |
| 0:03 | Peon |
| 0:04 | Peon |
| 0:06 | Altar of Storms |
| 0:17 | Orc Burrow |
| 0:23 | Peon |
| 0:23 | Peon |
| 0:33 | Altar of Storms |
| 0:41 | Peon |
| 1:06 | Peon |
| 1:20 | War Mill |
| 1:22 | Peon |
| 1:22 | Peon |
| 1:33 | Peon |
| 2:01 | Voodoo Lounge |
| 2:11 | Peon |
| 2:26 | Black Arrow |
| 2:35 | Watch Tower |
| 2:50 | Watch Tower |
| 2:54 | Peon |
| 3:18 | Peon |
| 3:48 | Watch Tower |
| 3:49 | Watch Tower |
| 3:50 | Watch Tower |
| 3:51 | Watch Tower |
| 3:52 | Staff of Teleportation |
| 3:52 | Boots of Speed |
| 4:07 | Stronghold |
| 4:37 | Spiked Barricades |
| 4:38 | Orc Burrow |
| 4:48 | Watch Tower |
| 4:55 | Watch Tower |
| 5:05 | Voodoo Lounge |
| 5:30 | Silence |
| 5:41 | Great Hall |
| 5:50 | Voodoo Lounge |
| 6:10 | Watch Tower |
| 7:04 | Peon |
| 7:04 | Peon |
| 7:16 | Watch Tower |
| 7:17 | Watch Tower |
| 7:18 | Watch Tower |
| 7:19 | Healing Salve |
| 8:12 | Fortress |
| 8:28 | Peon |
| 8:28 | Peon |
| 8:28 | Peon |
| 8:33 | Watch Tower |
| 8:34 | Watch Tower |
| 8:36 | Hex |
| 8:44 | Lesser Clarity Potion |
| 8:52 | Peon |
| 8:55 | Watch Tower |
| 8:59 | Black Arrow |
| 9:16 | Beastiary |
| 9:44 | Watch Tower |
| 9:51 | Watch Tower |
| 9:55 | Peon |
| 9:55 | Peon |
| 10:11 | Staff of Teleportation |
| 10:11 | Boots of Speed |
| 10:11 | Periapt of Vitality |
| 10:26 | Watch Tower |
| 10:27 | Peon |
| 10:27 | Peon |
| 10:35 | Healing Wave |
| 10:49 | Watch Tower |
| 10:50 | Peon |
| 10:51 | Peon |
| 10:53 | Orc Burrow |
| 11:47 | Watch Tower |
| 11:49 | Watch Tower |
| 11:49 | Watch Tower |
| 11:52 | Watch Tower |
| 11:52 | Watch Tower |
| 11:55 | Reinforced Defenses |
| 11:57 | Orb of Lightning |
| 12:27 | Watch Tower |
| 12:27 | Watch Tower |
| 12:31 | Peon |
| 12:36 | Watch Tower |
| 12:57 | Watch Tower |
| 13:00 | Watch Tower |
| 13:44 | Circlet of Nobility |
| 13:58 | Troll Batrider |
| 13:58 | Troll Batrider |
| 13:59 | Troll Batrider |
| 14:02 | Improved Spiked Barricades |
| 14:07 | Watch Tower |
| 14:08 | Watch Tower |
| 14:11 | Watch Tower |
| 14:11 | Watch Tower |
| 14:14 | Watch Tower |
| 14:34 | Watch Tower |
| 14:36 | Watch Tower |
| 16:14 | Scroll of Regeneration |
| 16:15 | Potion of Healing |
| 16:24 | Watch Tower |
| 16:24 | Watch Tower |
| 16:27 | Watch Tower |
| 16:28 | Watch Tower |
| 17:10 | Watch Tower |
| 17:10 | Watch Tower |
| 17:11 | Watch Tower |
| 17:12 | Watch Tower |
| 17:13 | Watch Tower |
| 17:14 | Watch Tower |
| 17:15 | Watch Tower |
| 17:15 | Watch Tower |
| 17:16 | Watch Tower |
| 17:16 | Watch Tower |
| 18:11 | Watch Tower |
| 18:12 | Watch Tower |
| 18:12 | Watch Tower |
| 18:36 | Watch Tower |
| 18:57 | Silence |
| 19:06 | Healing Wave |
| 19:20 | Watch Tower |
| 19:21 | Watch Tower |
| 19:23 | Watch Tower |
| 19:46 | Lesser Clarity Potion |
| 19:49 | Healing Salve |
| 20:51 | Potion of Healing |
| 20:51 | Potion of Mana |
| Right click | 1577 |
| Select group | 690 |
| Select | 271 |
| Build/train/purchase | 185 |
| Chat | 62 |
| Misc. action | 39 |
| Use ability | 39 |
| Minimap ping | 23 |
| Resource trade | 18 |
| Assign group | 12 |
| Item give/drop | 6 |
| Esc | 4 |



x1)
| Staff of Sanctuary | 2 | 500 |
| Boots of Speed | 3 | 750 |
| Staff of Teleportation | 2 | 300 |
| Circlet of Nobility | 1 | 175 |
| Tome of Retraining | 1 | 300 |
| Healing Salve | 2 | 200 |
| Orb of Lightning | 1 | 375 |
| total: | 12 | 2600g |
| Peasant | 30 | 2250 | / | 0 |
| Priest | 1 | 135 | / | 10 |
| total: | 31 | 2385g | / | 10w |
| Scout Tower | 53 | 1590 | / | 1060 |
| Arcane Tower | 2 | 140 | / | 100 |
| Guard Tower | 25 | 1750 | / | 1250 |
| Altar of Kings | 2 | 360 | / | 100 |
| Farm | 7 | 560 | / | 140 |
| Lumber Mill | 2 | 240 | / | 0 |
| Town Hall | 2 | 770 | / | 410 |
| Arcane Vault | 2 | 260 | / | 60 |
| Blacksmith | 1 | 140 | / | 60 |
| Barracks | 1 | 160 | / | 60 |
| Arcane Sanctum | 1 | 150 | / | 140 |
| Gryphon Aviary | 2 | 280 | / | 300 |
| Keep | 1 | 320 | / | 210 |
| Castle | 1 | 360 | / | 210 |
| total: | 73 | 4510g | / | 2330w |
| 0:01 | Peasant |
| 0:02 | Peasant |
| 0:11 | Altar of Kings |
| 0:17 | Farm |
| 0:27 | Peasant |
| 0:40 | Peasant |
| 0:45 | Farm |
| 0:54 | Peasant |
| 1:03 | Lumber Mill |
| 1:13 | Peasant |
| 1:29 | Scout Tower |
| 1:31 | Peasant |
| 1:39 | Scout Tower |
| 1:41 | Peasant |
| 1:54 | Arcane Tower |
| 1:56 | Scout Tower |
| 2:09 | Guard Tower |
| 2:11 | Peasant |
| 2:12 | Peasant |
| 2:15 | Summon Water Elemental |
| 2:25 | Guard Tower |
| 2:26 | Scout Tower |
| 2:33 | Scout Tower |
| 2:42 | Peasant |
| 2:42 | Peasant |
| 2:42 | Peasant |
| 2:47 | Scout Tower |
| 3:00 | Guard Tower |
| 3:06 | Scout Tower |
| 3:40 | Guard Tower |
| 3:54 | Scout Tower |
| 3:55 | Scout Tower |
| 3:57 | Scout Tower |
| 3:57 | Scout Tower |
| 3:58 | Peasant |
| 4:01 | Brilliance Aura |
| 4:24 | Guard Tower |
| 4:30 | Guard Tower |
| 4:32 | Peasant |
| 4:32 | Peasant |
| 4:48 | Scout Tower |
| 4:49 | Scout Tower |
| 4:49 | Scout Tower |
| 5:03 | Keep |
| 5:06 | Farm |
| 5:09 | Guard Tower |
| 5:20 | Guard Tower |
| 5:32 | Town Hall |
| 5:50 | Guard Tower |
| 5:50 | Guard Tower |
| 5:53 | Scout Tower |
| 6:12 | Scout Tower |
| 6:13 | Scout Tower |
| 6:47 | Healing Salve |
| 6:51 | Guard Tower |
| 6:55 | Improved Masonry |
| 7:18 | Guard Tower |
| 7:19 | Scout Tower |
| 7:20 | Scout Tower |
| 7:22 | Peasant |
| 7:22 | Peasant |
| 7:31 | Boots of Speed |
| 7:31 | Staff of Teleportation |
| 7:46 | Summon Water Elemental |
| 8:26 | Advanced Masonry |
| 8:26 | Improved Lumber Harvesting |
| 8:28 | Scout Tower |
| 8:28 | Scout Tower |
| 8:28 | Scout Tower |
| 8:29 | Scout Tower |
| 8:31 | Arcane Sanctum |
| 8:47 | Guard Tower |
| 8:51 | Scout Tower |
| 8:52 | Scout Tower |
| 8:52 | Scout Tower |
| 8:52 | Scout Tower |
| 8:53 | Scout Tower |
| 8:56 | Peasant |
| 8:56 | Peasant |
| 9:23 | Storm Bolt |
| 9:27 | Arcane Vault |
| 9:28 | Arcane Vault |
| 10:42 | Guard Tower |
| 10:50 | Guard Tower |
| 10:57 | Castle |
| 11:06 | Magic Sentry |
| 11:20 | Scout Tower |
| 11:21 | Scout Tower |
| 11:22 | Scout Tower |
| 11:26 | Scout Tower |
| 11:30 | Scout Tower |
| 11:31 | Scout Tower |
| 11:31 | Scout Tower |
| 11:31 | Scout Tower |
| 11:35 | Peasant |
| 11:35 | Peasant |
| 11:36 | Peasant |
| 11:38 | Boots of Speed |
| 11:43 | Circlet of Nobility |
| 11:43 | Boots of Speed |
| 12:02 | Tome of Retraining |
| 12:02 | Retrain Hero |
| 12:13 | Staff of Teleportation |
| 12:19 | Guard Tower |
| 12:28 | Guard Tower |
| 12:47 | Scout Tower |
| 12:59 | Scout Tower |
| 12:59 | Scout Tower |
| 13:00 | Scout Tower |
| 13:10 | Scout Tower |
| 13:10 | Scout Tower |
| 13:11 | Scout Tower |
| 13:20 | Staff of Sanctuary |
| 13:26 | Blizzard |
| 13:26 | Brilliance Aura |
| 13:26 | Blizzard |
| 13:28 | Staff of Sanctuary |
| 13:33 | Guard Tower |
| 13:34 | Imbued Masonry |
| 13:35 | Advanced Lumber Harvesting |
| 13:41 | Guard Tower |
| 13:44 | Priest |
| 13:47 | Peasant |
| 13:47 | Peasant |
| 14:21 | Holy Light |
| 14:32 | Guard Tower |
| 14:35 | Gryphon Aviary |
| 14:35 | Blacksmith |
| 14:36 | Barracks |
| 14:38 | Scout Tower |
| 14:39 | Scout Tower |
| 14:39 | Scout Tower |
| 14:55 | Arcane Tower |
| 15:33 | Scout Tower |
| 15:34 | Scout Tower |
| 15:47 | Orb of Lightning |
| 15:54 | Peasant |
| 15:55 | Peasant |
| 15:55 | Peasant |
| 15:55 | Peasant |
| 15:56 | Scout Tower |
| 15:57 | Scout Tower |
| 15:57 | Scout Tower |
| 16:09 | Guard Tower |
| 16:36 | Peasant |
| 16:42 | Guard Tower |
| 16:55 | Scout Tower |
| 16:56 | Scout Tower |
| 17:27 | Guard Tower |
| 17:55 | Guard Tower |
| 18:26 | Altar of Kings |
| 18:29 | Gryphon Aviary |
| 18:39 | Lumber Mill |
| 19:11 | Farm |
| 19:11 | Farm |
| 19:13 | Farm |
| 19:26 | Healing Salve |
| 19:53 | Town Hall |
| 20:10 | Farm |
| 20:41 | Bash |
| Right click | 1938 |
| Select | 486 |
| Build/train/purchase | 347 |
| Select group | 210 |
| Use ability | 48 |
| Chat | 29 |
| Assign group | 19 |
| Resource trade | 19 |
| Minimap ping | 15 |
| Item give/drop | 6 |
| Misc. action | 5 |
IcebergSlim
(21:31) : 


| Healing Salve | 2 | 200 |
| Lesser Clarity Potion | 1 | 70 |
| Orb of Lightning | 2 | 750 |
| Boots of Speed | 3 | 750 |
| Staff of Teleportation | 3 | 450 |
| Circlet of Nobility | 1 | 175 |
| Staff of Sanctuary | 2 | 500 |
| total: | 14 | 2895g |
| Peon | 18 | 1350 | / | 0 |
| total: | 18 | 1350g | / | 0w |
| Watch Tower | 39 | 4290 | / | 3120 |
| Altar of Storms | 1 | 180 | / | 50 |
| Orc Burrow | 3 | 480 | / | 120 |
| War Mill | 1 | 205 | / | 0 |
| Voodoo Lounge | 2 | 260 | / | 60 |
| Great Hall | 1 | 385 | / | 185 |
| Stronghold | 1 | 315 | / | 190 |
| Fortress | 1 | 325 | / | 190 |
| total: | 47 | 5800g | / | 3535w |
| 0:02 | Peon |
| 0:02 | Peon |
| 0:06 | Altar of Storms |
| 0:19 | Orc Burrow |
| 0:21 | Peon |
| 0:38 | Peon |
| 0:48 | War Mill |
| 0:56 | Peon |
| 1:10 | Voodoo Lounge |
| 1:14 | Peon |
| 1:20 | Peon |
| 1:39 | Orc Burrow |
| 1:45 | Peon |
| 2:13 | Peon |
| 2:14 | Backpack |
| 2:16 | Watch Tower |
| 2:23 | Pocket Factory |
| 2:35 | Peon |
| 2:37 | Watch Tower |
| 2:50 | Peon |
| 2:51 | Peon |
| 3:00 | Watch Tower |
| 3:08 | Peon |
| 3:09 | Peon |
| 3:28 | Watch Tower |
| 3:30 | Watch Tower |
| 3:48 | Watch Tower |
| 4:16 | Engineering Upgrade |
| 4:26 | Boots of Speed |
| 4:27 | Staff of Teleportation |
| 4:39 | Great Hall |
| 4:51 | Watch Tower |
| 5:00 | Watch Tower |
| 5:30 | Stronghold |
| 5:59 | Watch Tower |
| 6:15 | Watch Tower |
| 6:25 | Voodoo Lounge |
| 6:31 | Orc Burrow |
| 6:33 | Spiked Barricades |
| 6:48 | Pocket Factory |
| 7:07 | Watch Tower |
| 7:11 | Peon |
| 7:11 | Peon |
| 7:12 | Peon |
| 7:12 | Peon |
| 7:28 | Watch Tower |
| 8:19 | Reinforced Defenses |
| 8:19 | Improved Spiked Barricades |
| 8:31 | Watch Tower |
| 8:33 | Watch Tower |
| 8:36 | Fortress |
| 8:43 | Healing Salve |
| 9:26 | Feral Spirit |
| 9:43 | Watch Tower |
| 9:46 | Watch Tower |
| 10:29 | Lesser Clarity Potion |
| 11:00 | Boots of Speed |
| 11:00 | Staff of Teleportation |
| 11:13 | Watch Tower |
| 11:14 | Watch Tower |
| 11:22 | Summon Quilbeast |
| 11:26 | Orb of Lightning |
| 11:27 | Healing Salve |
| 11:53 | Boots of Speed |
| 11:54 | Circlet of Nobility |
| 12:24 | Watch Tower |
| 12:26 | Watch Tower |
| 13:28 | Watch Tower |
| 13:29 | Watch Tower |
| 13:30 | Watch Tower |
| 13:32 | Watch Tower |
| 13:34 | Watch Tower |
| 14:00 | Watch Tower |
| 14:32 | Watch Tower |
| 14:34 | Watch Tower |
| 14:39 | Watch Tower |
| 14:40 | Watch Tower |
| 14:42 | Watch Tower |
| 15:02 | Watch Tower |
| 15:38 | Staff of Sanctuary |
| 15:42 | Staff of Sanctuary |
| 16:59 | Chain Lighting |
| 17:57 | Orb of Lightning |
| 18:07 | Watch Tower |
| 18:09 | Watch Tower |
| 18:18 | Watch Tower |
| 18:20 | Watch Tower |
| 18:34 | Staff of Teleportation |
| 19:24 | Watch Tower |
| 19:31 | Watch Tower |
| 20:34 | Watch Tower |
| 21:21 | Engineering Upgrade |
| Right click | 1584 |
| Select | 438 |
| Select group | 227 |
| Misc. action | 108 |
| Build/train/purchase | 76 |
| Use ability | 40 |
| Assign group | 12 |
| Resource trade | 10 |
| Item give/drop | 5 |
| Remove unit | 1 |
| Esc | 1 |
184 units @ 25k
/ 3.2k
76 buildings @ 11.9k
/ 4.9k


| Rod of Necromancy | 2 | 300 |
| Potion of Healing | 1 | 150 |
| Scroll of Healing | 1 | 250 |
| Potion of Lesser Invulnerability | 1 | 150 |
| Scroll of Protection | 1 | 150 |
| total: | 6 | 1000g |
| Acolyte | 21 | 1575 | / | 0 |
| Ghoul | 6 | 720 | / | 0 |
| Crypt Fiend | 7 | 1505 | / | 280 |
| Obsidian Statue | 3 | 600 | / | 105 |
| Necromancer | 11 | 1595 | / | 220 |
| Meat Wagon | 3 | 690 | / | 150 |
| total: | 51 | 6685g | / | 755w |
| Spirit Tower | 2 | 290 | / | 80 |
| Nerubian Tower | 1 | 100 | / | 20 |
| Graveyard | 1 | 215 | / | 0 |
| Crypt | 1 | 200 | / | 50 |
| Altar of Darkness | 1 | 180 | / | 50 |
| Ziggurat | 8 | 1200 | / | 400 |
| Tomb of Relics | 1 | 130 | / | 30 |
| Necropolis | 4 | 900 | / | 0 |
| Slaughterhouse | 2 | 280 | / | 270 |
| Temple of the Damned | 2 | 310 | / | 280 |
| Halls of the Dead | 1 | 320 | / | 210 |
| Black Citadel | 1 | 325 | / | 230 |
| total: | 20 | 3415g | / | 1080w |
| 0:01 | Acolyte |
| 0:05 | Graveyard |
| 0:08 | Crypt |
| 0:16 | Acolyte |
| 0:39 | Altar of Darkness |
| 0:55 | Ziggurat |
| 1:11 | Ghoul |
| 1:33 | Tomb of Relics |
| 1:46 | Crypt Fiend |
| 2:05 | Ziggurat |
| 2:21 | Crypt Fiend |
| 2:21 | Crypt Fiend |
| 2:43 | Carrion Beetles |
| 2:48 | Crypt Fiend |
| 2:57 | Rod of Necromancy |
| 3:32 | Halls of the Dead |
| 4:07 | Impale |
| 4:39 | Creature Attack |
| 4:42 | Crypt Fiend |
| 4:52 | Ziggurat |
| 4:55 | Carrion Beetles |
| 5:23 | Crypt Fiend |
| 5:49 | Crypt Fiend |
| 5:56 | Acolyte |
| 6:10 | Ghoul |
| 6:37 | Impale |
| 6:55 | Acolyte |
| 6:55 | Acolyte |
| 6:56 | Acolyte |
| 6:56 | Acolyte |
| 6:57 | Backpack |
| 7:05 | Necropolis |
| 7:24 | Death Coil |
| 7:34 | Rod of Necromancy |
| 7:35 | Potion of Healing |
| 8:08 | Acolyte |
| 8:09 | Acolyte |
| 8:25 | Scroll of Healing |
| 8:27 | Potion of Lesser Invulnerability |
| 8:29 | Scroll of Protection |
| 8:46 | Ziggurat |
| 9:00 | Ghoul |
| 9:02 | Black Citadel |
| 9:06 | Slaughterhouse |
| 9:29 | Ziggurat |
| 9:31 | Ziggurat |
| 10:26 | Temple of the Damned |
| 10:27 | Temple of the Damned |
| 10:38 | Ghoul |
| 10:38 | Ghoul |
| 10:42 | Obsidian Statue |
| 11:34 | Ziggurat |
| 11:35 | Ziggurat |
| 11:38 | Ghoul |
| 11:40 | Ghoul Frenzy |
| 11:52 | Spirit Tower |
| 11:53 | Nerubian Tower |
| 11:54 | Spirit Tower |
| 12:07 | Unholy Strength |
| 12:24 | Necropolis |
| 13:07 | Necropolis |
| 13:27 | Necromancer Adept Training |
| 13:30 | Skeletal Mastery |
| 13:57 | Exhume Corpses |
| 14:03 | Necropolis |
| 14:32 | Slaughterhouse |
| 14:44 | Acolyte |
| 14:44 | Acolyte |
| 14:44 | Acolyte |
| 14:44 | Acolyte |
| 14:45 | Acolyte |
| 14:50 | Obsidian Statue |
| 14:50 | Obsidian Statue |
| 14:51 | Necromancer Master Training |
| 14:52 | Necromancer |
| 14:52 | Necromancer |
| 14:52 | Necromancer |
| 14:52 | Necromancer |
| 14:52 | Necromancer |
| 15:19 | Unholy Aura |
| 16:22 | Necromancer |
| 16:22 | Necromancer |
| 16:24 | Meat Wagon |
| 16:24 | Meat Wagon |
| 17:10 | Carrion Beetles |
| 18:36 | Death Coil |
| 18:47 | Meat Wagon |
| 18:48 | Necromancer |
| 18:48 | Necromancer |
| 18:48 | Necromancer |
| 18:48 | Necromancer |
| 18:51 | Burrow |
| 18:51 | Web |
| 18:54 | Disease Cloud |
| 19:00 | Acolyte |
| 19:00 | Acolyte |
| 19:01 | Acolyte |
| 19:01 | Acolyte |
| 19:02 | Acolyte |
| 19:03 | Acolyte |
| 19:04 | Acolyte |
| 21:14 | Death Pact |
| Select group | 1726 |
| Right click | 1527 |
| Select | 417 |
| Misc. action | 217 |
| Build/train/purchase | 181 |
| Chat | 54 |
| Assign group | 45 |
| Use ability | 30 |
| Esc | 4 |
| Item give/drop | 2 |

| Wisp | 18 | 1080 | / | 0 |
| Archer | 18 | 2340 | / | 180 |
| Hippogryph | 12 | 1920 | / | 240 |
| total: | 48 | 5340g | / | 420w |
| Altar of Elders | 1 | 180 | / | 50 |
| Moon Well | 6 | 1080 | / | 240 |
| Ancient of War | 2 | 300 | / | 120 |
| Tree of Life | 2 | 680 | / | 370 |
| Hunter's Hall | 1 | 210 | / | 100 |
| Ancient of Wind | 2 | 300 | / | 280 |
| Chimaera Roost | 3 | 420 | / | 570 |
| Tree of Ages | 1 | 320 | / | 180 |
| Tree of Eternity | 1 | 330 | / | 200 |
| total: | 17 | 3170g | / | 1730w |
| 0:01 | Wisp |
| 0:04 | Altar of Elders |
| 0:12 | Wisp |
| 0:14 | Wisp |
| 0:18 | Moon Well |
| 0:29 | Wisp |
| 0:36 | Ancient of War |
| 0:41 | Wisp |
| 0:53 | Wisp |
| 1:15 | Wisp |
| 1:23 | Wisp |
| 1:38 | Ancient of War |
| 1:41 | Archer |
| 1:43 | Wisp |
| 1:45 | Archer |
| 2:05 | Moon Well |
| 2:12 | Searing Arrows |
| 3:07 | Archer |
| 3:09 | Tree of Ages |
| 3:16 | Archer |
| 3:27 | Archer |
| 3:32 | Trueshot Aura |
| 3:35 | Archer |
| 3:40 | Moon Well |
| 4:00 | Archer |
| 4:26 | Tree of Life |
| 4:43 | Tree of Life |
| 4:59 | Hunter's Hall |
| 5:04 | Archer |
| 5:08 | Archer |
| 5:27 | Trueshot Aura |
| 5:32 | Wisp |
| 5:32 | Wisp |
| 6:13 | Wisp |
| 6:13 | Wisp |
| 6:27 | Improved Bows |
| 6:28 | Strength of the Moon |
| 6:58 | Ancient of Wind |
| 7:00 | Wisp |
| 7:01 | Wisp |
| 7:01 | Wisp |
| 7:02 | Wisp |
| 7:18 | Ancient of Wind |
| 7:24 | Wisp |
| 7:55 | Searing Arrows |
| 8:04 | Hippogryph |
| 8:04 | Hippogryph |
| 8:04 | Hippogryph |
| 8:21 | Hippogryph |
| 8:23 | Hippogryph |
| 8:23 | Tree of Eternity |
| 9:02 | Hippogryph |
| 9:05 | Moon Well |
| 9:14 | Moon Well |
| 9:14 | Moon Well |
| 9:39 | Improved Strength of the Moon |
| 10:33 | Trueshot Aura |
| 11:02 | Hippogryph |
| 11:04 | Archer |
| 11:05 | Archer |
| 11:05 | Archer |
| 11:06 | Marksmanship |
| 12:05 | Advanced Strength of the Moon |
| 13:15 | Hippogryph |
| 13:16 | Archer |
| 13:17 | Archer |
| 13:18 | Hippogryph |
| 13:41 | Hippogryph |
| 14:59 | Hippogryph |
| 15:02 | Archer |
| 15:02 | Archer |
| 15:31 | Starfall |
| 16:43 | Hippogryph |
| 17:54 | Chimaera Roost |
| 17:54 | Chimaera Roost |
| 17:55 | Chimaera Roost |
| 17:58 | Archer |
| 17:58 | Archer |
| 19:51 | Strength of the Wild |
| 19:53 | Corrosive Breath |
| 20:58 | Searing Arrows |
| Right click | 1672 |
| Select group | 451 |
| Select | 365 |
| Assign group | 105 |
| Build/train/purchase | 86 |
| Misc. action | 23 |
| Use ability | 11 |
| Remove unit | 1 |
| Minimap ping | 1 |


| Healing Salve | 3 | 300 |
| Tiny Great Hall | 1 | 600 |
| Scroll of Town Portal | 1 | 350 |
| total: | 5 | 1250g |
| Peon | 12 | 900 | / | 0 |
| Grunt | 5 | 1000 | / | 0 |
| Raider | 15 | 2700 | / | 600 |
| Spirit Walker | 2 | 390 | / | 70 |
| Kodo Beast | 2 | 510 | / | 120 |
| Tauren | 1 | 280 | / | 80 |
| Demolisher | 7 | 1540 | / | 350 |
| total: | 44 | 7320g | / | 1220w |
| Altar of Storms | 1 | 180 | / | 50 |
| Orc Burrow | 6 | 960 | / | 240 |
| Voodoo Lounge | 1 | 130 | / | 30 |
| Barracks | 1 | 180 | / | 50 |
| War Mill | 1 | 205 | / | 0 |
| Great Hall | 1 | 385 | / | 185 |
| Beastiary | 1 | 145 | / | 140 |
| Tauren Totem | 1 | 135 | / | 155 |
| Stronghold | 2 | 630 | / | 380 |
| Fortress | 1 | 325 | / | 190 |
| total: | 13 | 2320g | / | 850w |
| 0:02 | Altar of Storms |
| 0:03 | Peon |
| 0:12 | Orc Burrow |
| 0:20 | Voodoo Lounge |
| 0:25 | Peon |
| 0:43 | Peon |
| 1:13 | Peon |
| 1:22 | Peon |
| 1:37 | Barracks |
| 1:42 | Peon |
| 1:52 | Orc Burrow |
| 1:57 | Peon |
| 2:06 | Feral Spirit |
| 2:40 | Grunt |
| 3:19 | Stronghold |
| 3:20 | Grunt |
| 3:42 | Healing Salve |
| 4:49 | Orc Burrow |
| 4:58 | Grunt |
| 5:44 | Beastiary |
| 5:46 | Tauren Totem |
| 6:03 | Chain Lighting |
| 6:05 | Grunt |
| 6:10 | Orc Burrow |
| 7:05 | Raider |
| 7:12 | Spirit Walker Adept Training |
| 7:12 | Spirit Walker |
| 7:19 | Healing Salve |
| 7:28 | Healing Wave |
| 7:36 | Ensnare |
| 7:39 | Healing Salve |
| 7:52 | Berserker Strength |
| 8:19 | Raider |
| 8:43 | War Mill |
| 8:45 | Raider |
| 9:27 | Feral Spirit |
| 9:47 | Spirit Walker |
| 9:48 | Raider |
| 9:50 | Fortress |
| 9:56 | Kodo Beast |
| 9:58 | Kodo Beast |
| 11:12 | Hex |
| 11:19 | Orc Burrow |
| 11:54 | Great Hall |
| 12:10 | Pillage |
| 12:13 | Spirit Walker Master Training |
| 12:15 | Tauren |
| 13:11 | Scroll of Town Portal |
| 13:28 | Orc Burrow |
| 13:40 | Tiny Great Hall |
| 14:11 | Burning Oil |
| 14:24 | Demolisher |
| 14:24 | Demolisher |
| 14:56 | Demolisher |
| 15:57 | Demolisher |
| 15:57 | Demolisher |
| 16:11 | Healing Wave |
| 17:08 | Demolisher |
| 17:10 | Raider |
| 17:11 | Raider |
| 17:11 | Raider |
| 17:11 | Raider |
| 18:37 | Grunt |
| 19:11 | Hex |
| 19:23 | Peon |
| 19:23 | Peon |
| 19:23 | Peon |
| 19:23 | Peon |
| 19:26 | Peon |
| 19:29 | Demolisher |
| 19:44 | Raider |
| 19:44 | Raider |
| 21:20 | Raider |
| 21:20 | Raider |
| 21:20 | Raider |
| 21:21 | Raider |
| 21:21 | Raider |
| Right click | 1368 |
| Select | 488 |
| Build/train/purchase | 102 |
| Misc. action | 50 |
| Use ability | 47 |
| Chat | 4 |
| Remove unit | 3 |
| Assign group | 1 |
| Minimap ping | 1 |


| Scroll of Regeneration | 2 | 200 |
| Lesser Clarity Potion | 1 | 70 |
| total: | 3 | 270g |
| Peasant | 18 | 1350 | / | 0 |
| Footman | 5 | 675 | / | 0 |
| Rifleman | 5 | 1025 | / | 150 |
| Siege Engine | 9 | 1755 | / | 540 |
| Forest Troll Shadow Priest | 2 | 390 | / | 20 |
| Forest Troll Berserker | 2 | 490 | / | 60 |
| total: | 41 | 5685g | / | 770w |
| Scout Tower | 5 | 150 | / | 100 |
| Guard Tower | 2 | 140 | / | 100 |
| Altar of Kings | 1 | 180 | / | 50 |
| Barracks | 2 | 320 | / | 120 |
| Farm | 11 | 880 | / | 220 |
| Town Hall | 2 | 770 | / | 410 |
| Arcane Vault | 1 | 130 | / | 30 |
| Lumber Mill | 1 | 120 | / | 0 |
| Blacksmith | 1 | 140 | / | 60 |
| Workshop | 2 | 280 | / | 280 |
| Keep | 1 | 320 | / | 210 |
| Castle | 1 | 360 | / | 210 |
| total: | 26 | 2970g | / | 1270w |
| 0:02 | Peasant |
| 0:03 | Peasant |
| 0:07 | Altar of Kings |
| 0:16 | Peasant |
| 0:20 | Barracks |
| 0:26 | Peasant |
| 0:34 | Farm |
| 0:50 | Farm |
| 0:54 | Peasant |
| 1:06 | Peasant |
| 1:22 | Footman |
| 1:36 | Peasant |
| 1:36 | Peasant |
| 1:41 | Farm |
| 1:56 | Footman |
| 2:31 | Footman |
| 2:33 | Peasant |
| 2:33 | Peasant |
| 2:37 | Thunder Clap |
| 2:51 | Peasant |
| 2:51 | Peasant |
| 3:15 | Town Hall |
| 3:19 | Scout Tower |
| 3:20 | Scout Tower |
| 3:21 | Scout Tower |
| 3:21 | Scout Tower |
| 3:24 | Scout Tower |
| 3:35 | Peasant |
| 3:42 | Bash |
| 3:49 | Arcane Vault |
| 3:57 | Lumber Mill |
| 4:07 | Peasant |
| 4:28 | Farm |
| 4:45 | Footman |
| 4:51 | Farm |
| 4:55 | Scroll of Regeneration |
| 4:57 | Lesser Clarity Potion |
| 5:07 | Guard Tower |
| 5:10 | Guard Tower |
| 5:23 | Scroll of Regeneration |
| 5:54 | Footman |
| 5:56 | Keep |
| 5:58 | Blacksmith |
| 6:04 | Thunder Clap |
| 6:21 | Farm |
| 6:26 | Peasant |
| 6:27 | Peasant |
| 6:33 | Barracks |
| 6:35 | Improved Masonry |
| 6:57 | Forest Troll Shadow Priest |
| 6:58 | Forest Troll Berserker |
| 7:08 | Farm |
| 7:13 | Peasant |
| 7:13 | Peasant |
| 7:18 | Rifleman |
| 7:21 | Iron Plating |
| 7:49 | Rifleman |
| 8:17 | Black Gunpowder |
| 8:17 | Studded Leather Armor |
| 8:33 | Bash |
| 8:45 | Rifleman |
| 8:49 | Castle |
| 8:55 | Workshop |
| 8:57 | Workshop |
| 9:13 | Forest Troll Shadow Priest |
| 9:17 | Forest Troll Berserker |
| 9:52 | Siphon Mana |
| 10:35 | Rifleman |
| 10:47 | Refined Gunpowder |
| 10:47 | Reinforced Leather Armor |
| 11:23 | Farm |
| 11:24 | Farm |
| 11:27 | Farm |
| 11:28 | Farm |
| 11:30 | Improved Lumber Harvesting |
| 11:31 | Advanced Masonry |
| 11:35 | Siege Engine |
| 12:08 | Imbued Gunpowder |
| 12:19 | Siege Engine |
| 13:25 | Siege Engine |
| 13:31 | Dragonhide Armor |
| 13:48 | Town Hall |
| 13:57 | Rifleman |
| 14:03 | Advanced Lumber Harvesting |
| 14:19 | Barrage |
| 15:23 | Siege Engine |
| 16:13 | Flame Strike |
| 16:17 | Imbued Masonry |
| 16:20 | Iron Forged Swords |
| 16:20 | Steel Plating |
| 17:31 | Siege Engine |
| 17:31 | Siege Engine |
| 17:52 | Siege Engine |
| 18:18 | Siege Engine |
| 19:31 | Thunder Clap |
| 20:09 | Siege Engine |
| Select group | 2039 |
| Right click | 662 |
| Select | 461 |
| Misc. action | 127 |
| Build/train/purchase | 102 |
| Assign group | 33 |
| Chat | 32 |
| Minimap ping | 6 |
| Use ability | 5 |
| Esc | 3 |
| Item give/drop | 1 |
⇛